 Dungeon Crawl Stone Soup version 0.24.0-123-gd5b16e6ec5 (webtiles) character file.

Game seed: 16985496633146139771, levelgen mode: deterministic

1911 DeadFury222 the Cleaver (level 9, 0/79 HPs)
             Began as a Hill Orc Fighter on Jan 10, 2020.
             Was an Initiate of Beogh.
             Slain by a crocodile (11 damage)
             ... on level 7 of the Dungeon.
             The game lasted 00:14:19 (6167 turns).

DeadFury222 the Cleaver (Hill Orc Fighter)          Turns: 6167, Time: 00:14:20

Health: 0/79       AC: 12    Str: 19    XL:     9   Next: 16%
Magic:  9/9        EV:  8    Int: 11    God:    Beogh [......]
Gold:   204        SH: 10    Dex: 10    Spells: 8/8 levels left

rFire    . . .     SeeInvis .   a - +1 war axe
rCold    . . .     Gourm    .   c - +0 shield
rNeg     . . .     Faith    .   b - +1 scale mail
rPois    .         Spirit   .   y - +1 hat
rElec    .         Reflect  .   (no cloak)
rCorr    .         Harm     .   r - +0 pair of gloves
MR       .....                  m - +0 pair of boots
Stlth    ..........             (no amulet)
HPRegen  0.23/turn              (no ring)
MPRegen  0.11/turn              (no ring)

@: no status effects
A: no striking features
a: Renounce Religion


You were on level 7 of the Dungeon.
You worshipped Beogh.
Beogh was noncommittal.
You were not hungry.

You visited 1 branch of the dungeon, and saw 7 of its levels.

You collected 351 gold pieces.
You spent 147 gold pieces at shops.

Inventory:

Hand Weapons
 a - a +1 war axe (weapon)
Armour
 b - a +1 scale mail (worn)
 c - a +0 shield (worn)
 m - a +0 pair of boots (worn)
 r - a +0 pair of gloves (worn)
 y - a +1 hat (worn)
Magical Staves
 s - an uncursed staff of conjuration {unknown}
Jewellery
 l - an uncursed ring of ice {unknown}
Wands
 t - a wand of flame (14)
Scrolls
 g - 3 scrolls of identify
 h - a scroll of blinking
 k - 2 scrolls of noise
 o - a scroll of fear
 v - 2 scrolls of teleportation
 x - a scroll of magic mapping {unknown}
 A - a scroll of random uselessness {unknown}
Potions
 d - a potion of might
 e - a potion of curing {unknown}
 i - a potion of cancellation {unknown}
 j - 2 potions of degeneration {unknown}
 n - 2 potions of berserk rage {unknown}
 p - 2 potions of agility
 q - a potion of flight {unknown}
 u - a potion of mutation {unknown}
 w - a potion of magic {unknown}
 z - a potion of brilliance {unknown}
 B - a potion of invisibility {unknown}
Comestibles
 f - 16 rations


   Skills:
 + Level 7.1 Fighting
 * Level 9.9 Axes
 + Level 6.6 Armour
 + Level 6.5 Shields


You had 8 spell levels left.
You didn't know any spells.
Your spell library was empty.

Dungeon Overview and Level Annotations

Branches:
Dungeon (7/15)             Temple (0/1) D:5

Altars:
Dithmenos
Elyvilon
Fedhas
Hepliaklqana
Makhleb
Qazlal
Sif Muna
Trog
Vehumet

Shops:
D:4 [

Annotations:
D:3 Grinder
D:6 1 runed translucent door


Message History

You are too injured to fight recklessly!
You are too injured to fight recklessly!
You are too injured to fight recklessly!
You hit the crocodile.
The crocodile is heavily wounded.
The crocodile bites you!
You hit the crocodile.
The crocodile is severely wounded.
You block the crocodile's attack.
You hit the crocodile but do no damage.
The crocodile is severely wounded.
You block the crocodile's attack.
You hit the crocodile.
The crocodile is severely wounded.
You block the crocodile's attack. The crocodile bites you!
* * * LOW HITPOINT WARNING * * *
Your shield prevents you from hitting the crocodile.
The crocodile is severely wounded.
The crocodile bites you!
You die...

#..$..............##
##.....[............##
#................##..###
##......................###
.#.....#....t.......###..#.#
.......#....##..#...# #....##
#.........###..#..## #.....#
#.......<.(#..##..# ##....
........(...t@.##..###...#
.........(..........###)##
..........(.........##)).#
.###.....................##..#
#.......(####.............. .#
##....................#....
...##......)#...........###...
............##.........## ...
.........#####..........#.. ..


You could see a crocodile.

Vanquished Creatures
  Menkaure (D:7)
  2 orc warriors
  A black bear (D:6)
  A phantom (D:5)
  A sky beast (D:7)
  An ogre (D:4)
  2 centaurs
  Blork the orc (D:6)
  2 bullfrogs
  A scorpion (D:4)
  A howler monkey (D:6)
  A bullfrog zombie (D:7)
  2 crimson imps
  2 hounds
  A bullfrog skeleton (D:4)
  Jessica (D:5)
  Terence (D:2)
  5 orc wizards
  10 worker ants
  A worker ant zombie (D:7)
  A howler monkey skeleton (D:6)
  9 adders
  3 oozes
  An adder zombie (D:5)
  3 adder skeletons
  4 worms (D:2)
  A dart slug (D:4)
  4 leopard geckos
  21 orcs
  4 ball pythons
  4 bats
  9 giant cockroaches
  7 hobgoblins
  7 jackals
  9 kobolds
  6 quokkas
  2 frilled lizards (D:1)
  10 goblins
  A leopard gecko skeleton (D:6)
  A quokka zombie (D:6)
  6 rats
  2 butterflies (D:6)
153 creatures vanquished.

Notes
Turn   | Place    | Note
-------+----------+-------------------------------------------
     0 | D:1      | DeadFury222 the Hill Orc Fighter began the quest for the
                  | Orb.
     0 | D:1      | Reached XP level 1. HP: 19/19 MP: 1/1
    98 | D:1      | Reached skill level 3 in Axes
   116 | D:1      | Reached XP level 2. HP: 27/27 MP: 2/2
   498 | D:2      | Reached XP level 3. HP: 30/33 MP: 3/3
   768 | D:2      | Reached skill level 4 in Axes
   778 | D:2      | Reached XP level 4. HP: 18/40 MP: 4/4
  1088 | D:2      | Found a hazy altar of Hepliaklqana.
  1164 | D:2      | Noticed Terence
  1182 | D:2      | Killed Terence
  1219 | D:2      | Found a stormy altar of Qazlal.
  1290 | D:2      | Reached XP level 5. HP: 47/47 MP: 5/5
  1291 | D:2      | Found a blossoming altar of Fedhas.
  1770 | D:3      | Reached skill level 5 in Axes
  2063 | D:3      | Noticed Grinder
  2100 | D:3      | You fall into a shaft and drop 1 floor!
  2238 | D:4      | Noticed an ogre
  2249 | D:4      | Killed an ogre
  2249 | D:4      | Reached XP level 6. HP: 27/55 MP: 6/6
  2439 | D:4      | Reached skill level 6 in Axes
  2473 | D:4      | Reached skill level 5 in Fighting
  2805 | D:4      | Reached XP level 7. HP: 52/61 MP: 7/7
  2837 | D:4      | Found Orchea's Antique Armour Emporium.
  2841 | D:4      | Bought an embroidered hat for 147 gold pieces
  3191 | D:5      | Entered Level 5 of the Dungeon
  3547 | D:5      | Reached skill level 5 in Armour
  3660 | D:5      | Found a staircase to the Ecumenical Temple.
  3724 | D:5      | Reached skill level 7 in Axes
  3724 | D:5      | Reached skill level 5 in Shields
  4271 | D:5      | Noticed Jessica
  4283 | D:5      | Found a shimmering blue altar of Sif Muna.
  4284 | D:5      | Killed Jessica
  4435 | D:6      | Became a worshipper of Beogh the Brigand
  4436 | D:6      | Reached XP level 8. HP: 52/70 MP: 8/8
  4436 | D:6      | Noticed Blork the orc
  4519 | D:6      | Reached skill level 8 in Axes
  4546 | D:6      | Killed Blork the orc
  4853 | D:6      | Reached skill level 9 in Axes
  4905 | D:6      | Found a runed translucent door.
  4906 | D:6      | Found a runed translucent door.
  5177 | D:6      | Found a radiant altar of Vehumet.
  5178 | D:6      | Found a bloodstained altar of Trog.
  5178 | D:6      | Found a burning altar of Makhleb.
  5189 | D:6      | Found a shadowy altar of Dithmenos.
  5294 | D:6      | Found a white marble altar of Elyvilon.
  5434 | D:7      | Reached XP level 9. HP: 56/78 MP: 9/9
  5828 | D:7      | Noticed Menkaure
  5837 | D:7      | Killed Menkaure
  5848 | D:7      | HP: 1/79 [sky beast (5)]
  6167 | D:7      | Slain by a crocodile

Levels and vault maps discovered:
D:1:      nicolae_arrival_washed_ashore, layout_rooms,
          corexii_hall_statues_deadend
D:2:      layout_basic, lemuel_coloured_pillars_altar,
          grunt_temple_overflow_forces_of_nature, uniq_terence
D:3:      minmay_octagon_keep, layout_loops_corners, first_ration, hex_medium,
          minivault_4, serial_park_tiny_pond, uniq_sigmund, uniq_grinder
D:4:      layout_basic, serial_shops, kennysheep_mini
D:5:      layout_loops_corners, tgw_sif, minmay_temple_entry_mist,
          feat_on_display
D:6:      lemuel_insect_pit, layout_rooms, elyvilon_altar_3,
          grunt_temple_overflow_open, st_stairs_13, uniq_blork_the_orc
D:7:      layout_cave_pools, serial_shops, shop, uniq_menkaure

Skill      XL: |  1  2  3  4  5  6  7  8  9 |
---------------+----------------------------+-----
Axes           | 3 4 5 6 7 9 |  9.9
Fighting       | 4 5 6 7 |  7.1
Armour         | 4 5 6 |  6.6
Shields        | 4 5 6 |  6.5

Action                   |  1- 3 |  4- 6 |  7- 9 || total
-------------------------+-------+-------+-------++-------
Melee: War axe           |   111 |   259 |   240 ||   610
Invok: Convert to Beogh  |       |       |     1 ||     1
Evoke: Wand              |       |       |     1 ||     1
  Use: Scroll            |       |       |    10 ||    10
  Eat: Chunk             |       |     7 |     4 ||    11
       Ration            |       |       |     2 ||     2
Armor: Scale mail        |    49 |   126 |   111 ||   286
Dodge: Dodged            |    41 |    69 |    70 ||   180
Block: Shield            |    68 |   130 |   122 ||   320
